 Dungeon Crawl Stone Soup version 0.30-a0-618-gd6c86c23d0 (webtiles) character file.

Game seed: 9777228463482669144

787 porpoise the Cleaver (level 7, -4/63 (64) HPs)
             Began as a Hill Orc Monk on Jan 9, 2023.
             Was a Priest of Elyvilon.
             Slain by a wight
             ... wielding a +2 long sword of flaming
              (10 damage)
             ... on level 6 of the Dungeon.
             The game lasted 00:14:57 (5641 turns).

porpoise the Cleaver (Hill Orc Monk)                Turns: 5641, Time: 00:14:58

HP:   -4/63 (64)    AC:  7    Str: 16    XL:     7   Next: 87%
MP:   7/10          EV: 11    Int: 10    God:    Elyvilon [***...]
Gold: 256           SH:  0    Dex: 13    Spells: 6/6 levels left

rFire   . . .      SeeInvis .    a - +2 war axe (venom)
rCold   . . .      Faith    .    (no shield)
rNeg    . . .      Spirit   .    C - +0 ring mail
rPois   .          Reflect  .    g - +0 helmet
rElec   .          Harm     .    d - +0 cloak
rCorr   .          Rampage  .    (no gloves)
Will    .....                    (no boots)
Stlth   +                        (no amulet)
HPRegen 0.30/turn                (no ring)
MPRegen 0.12/turn                (no ring)

@: lightly drained
A: no striking features
a: Renounce Religion, Purification, Heal Other, Heal Self


You were on level 6 of the Dungeon.
You worshipped Elyvilon.
Elyvilon was most pleased with you.
You visited 2 branches of the dungeon, and saw 7 of its levels.

You collected 256 gold pieces.

Inventory:

Hand Weapons
 a - a +2 war axe of venom (weapon)
 b - a +1 sling
 w - a +1 flail of holy wrath
Missiles
 e - 4 boomerangs (quivered)
 u - 2 poisoned darts
Armour
 d - a +0 cloak (worn)
 g - a +0 helmet (worn)
 C - a +0 ring mail (worn)
Jewellery
 m - an amulet of faith
 v - a ring of fire
Scrolls
 f - a scroll of poison
 h - a scroll of amnesia
 j - a scroll of blinking
 k - 2 scrolls of enchant weapon
 l - 3 scrolls of magic mapping
 q - 2 scrolls of butterflies
 x - a scroll of fear {unknown}
 y - a scroll of fog
 A - a scroll of torment {unknown}
Potions
 c - a potion of ambrosia
 i - 3 potions of heal wounds
 n - a potion of haste
 o - a potion of berserk rage
 p - a potion of mutation
 r - 3 potions of cancellation
 t - a potion of curing
 z - a potion of lignification {unknown}
 B - a potion of might {unknown}


   Skills:
 + Level 6.8 Fighting
 + Level 8.7 Axes
 - Level 2.6 Dodging
 - Level 1.9 Stealth
 + Level 4.0 Invocations


You had 6 spell levels left.
You didn't know any spells.
Your spell library contained the following spells:

 Spells                   Type           Power      Damage    Failure   Level
 Summon Small Mammal      Summ           0%         N/A       58%         1
 Call Canine Familiar     Summ           0%         N/A       91%         3
 Summon Guardian Golem    Hex/Summ       0%         N/A       91%         3


Dungeon Overview and Level Annotations

Branches:
Dungeon (6/15)             Temple (1/1) D:4

Altars:
Ashenzari
Cheibriados
Dithmenos
Elyvilon
Fedhas
Hepliaklqana
Kikubaaqudgha
Makhleb
Nemelex Xobeh
Okawaru
Ru
Sif Muna
Vehumet
Wu Jian
Yredelemnul
The Shining One

Annotations:
D:4 2 transporters


Message History

You slash the gnoll!
The gnoll is poisoned.
The gnoll barely misses you. The gnoll hits you with a +0 spear.
You completely miss the gnoll.
The gnoll is severely wounded.
You hit the gnoll.
You kill the gnoll!
The gnoll sergeant hits you from afar with a +0 trident!
Your Invocations skill increases to level 4!
You are too injured to fight recklessly!
You are too injured to fight recklessly!
You are too injured to fight recklessly!
The gnoll hits you from afar with a +0 halberd!
You kill the gnoll!
The gnoll sergeant hits you with a +0 trident!
* * * LOW HITPOINT WARNING * * *
A wight comes into view.
It is wielding a +2 long sword of flaming.
The gnoll sergeant hits you with a +0 trident.
* * * LOW HITPOINT WARNING * * *
Things that are here:
a +0 halberd; a +0 spear; a gnoll corpse
Okay, then.
Unknown command.
You are healed.
The gnoll sergeant hits you with a +0 trident!
You hit the gnoll sergeant but do no damage.
The gnoll sergeant is poisoned.
You closely miss the wight.
You hit the gnoll sergeant but do no damage.
The gnoll sergeant looks even sicker.
The gnoll sergeant closely misses you.
The wight hits you with a +2 long sword of flaming!
* * * LOW HITPOINT WARNING * * *
You feel drained.
* * * LOW HITPOINT WARNING * * *
The wight burns you.
* * * LOW HITPOINT WARNING * * *
You hit the wight but do no damage. You closely miss the gnoll sergeant.
The gnoll sergeant hits you with a +0 trident.
* * * LOW HITPOINT WARNING * * *
The wight hits you with a +2 long sword of flaming!
You die...

#.. #!### ..#.###
#..... #.#..# #.#..##
#+####### #.#g..
........###.#z#######
........#...g@.......
........###.#)###.###
#.........#.#.#
#########.#.#.#.#
#.........#...#.#
#.........#.###.#
#...........###.##
#........<.......##
#..................


You could see a gnoll sergeant (very poisoned), a wight and a gnoll.

Vanquished Creatures
  2 black bears
  An ogre (D:5)
  A scorpion (D:5)
  2 hounds
  3 jellies
  An iguana (D:4)
  3 orc wizards
  Robin (D:2)
  3 gnolls (D:6)
  6 adders
  A white imp (D:5)
  2 dart slugs (D:5)
  14 orcs
  7 ball pythons
  9 endoplasms
  4 giant cockroaches
  14 goblins
  5 hobgoblins
  4 jackals (D:2)
  6 kobolds
  2 quokkas
  2 bats
  8 frilled lizards
  7 rats (D:1)
108 creatures vanquished.

Notes
Turn   | Place    | Note
-------+----------+-------------------------------------------
     0 | D:1      | porpoise the Hill Orc Monk began the quest for the Orb.
     0 | D:1      | Reached XP level 1. HP: 19/19 MP: 1/1
   190 | D:1      | Found a faded altar of an unknown god.
   250 | D:1      | Reached XP level 2. HP: 27/27 MP: 2/2
   985 | D:2      | Reached XP level 3. HP: 33/33 MP: 3/3
  1125 | D:2      | Noticed Robin
  1166 | D:2      | Killed Robin
  1167 | D:2      | Reached skill level 5 in Axes
  1504 | D:2      | Reached XP level 4. HP: 41/41 MP: 4/4
  2282 | D:3      | Found a radiant altar of Vehumet.
  2410 | D:3      | Reached skill level 6 in Axes
  2414 | D:3      | Reached XP level 5. HP: 19/47 MP: 5/5
  2431 | D:3      | Reached skill level 5 in Fighting
  2561 | D:3      | Noticed a black bear
  2572 | D:3      | Killed a black bear
  2573 | D:3      | Reached skill level 7 in Axes
  2573 | D:3      | Reached XP level 6. HP: 46/56 MP: 6/6
  2961 | D:3      | Found a sparkling altar of Nemelex Xobeh.
  3268 | D:4      | Found a staircase to the Ecumenical Temple.
  3403 | Temple   | Entered the Ecumenical Temple
  3553 | Temple   | Became a worshipper of Elyvilon the Healer
  3553 | Temple   | Reached * piety under Elyvilon
  3553 | Temple   | Reached ** piety under Elyvilon
  3771 | D:4      | Reached skill level 1 in Invocations
  4036 | D:4      | Found a transporter.
  4166 | D:4      | Found a transporter.
  4176 | D:4      | Noticed a fire bat
  4176 | D:4      | Noticed a fire bat
  4399 | D:5      | Entered Level 5 of the Dungeon
  4566 | D:5      | Reached skill level 8 in Axes
  4566 | D:5      | Reached XP level 7. HP: 39/63 MP: 8/8
  4780 | D:5      | Reached *** piety under Elyvilon
  5507 | D:5      | Found a shimmering blue altar of Sif Muna.
  5641 | D:6      | Slain by a wight

Illustrated notes

Levels and vault maps discovered:
D:1:      nicolae_arrival_washed_ashore, layout_loops_cross,
          basic_ecumenical_altar, minmay_tromino_v2
D:2:      minmay_chambers_of_twos, layout_loops_ring, serial_rivers,
          chequers_serial_rivers_room_a, chequers_serial_rivers_small_a,
          chequers_serial_rivers_marsh, chequers_serial_rivers_micro_a,
          chequers_serial_rivers_small_a, chequers_serial_rivers_large_a,
          uniq_robin
D:3:      layout_loops_cross, mainiacjoe_overflow_alcove_4,
          amcnicky_altar_gilded
D:4:      gammafunk_cloud_chamber, layout_loops_ring, temple_pool_b
D:5:      layout_loops_corners, nicolae_sif_muna_little_library
D:6:      layout_basic
Temple:   hellmonk_temple_forest_ring

Skill      XL: |  1  2  3  4  5  6  7 |
---------------+----------------------+-----
Fighting       | 4 5 6 |  6.8
Axes           | 5 6 7 8 |  8.7
Invocations    | 2 4 |  4.0
Dodging        | |  2.6
Stealth        | |  1.9

Action                   |  1- 3 |  4- 6 |  7- 9 || total
-------------------------+-------+-------+-------++-------
Melee: Hand axe          |    70 |   136 |    13 ||   219
       Punch             |     1 |     3 |     1 ||     5
       War axe           |       |       |    30 ||    30
 Fire: Sling             |    48 |    76 |       ||   124
Throw: Dart              |       |     2 |       ||     2
       Boomerang         |       |     2 |       ||     2
Invok: Heal Self         |       |       |     1 ||     1
  Use: Potion            |     1 |       |       ||     1
       Scroll            |       |    12 |       ||    12
 Stab: Sleeping          |     4 |     2 |       ||     6
Armor: Robe              |    12 |       |       ||    12
       Leather armour    |    15 |    70 |       ||    85
       Ring mail         |       |       |    11 ||    11
Dodge: Dodged            |    61 |    98 |    24 ||   183

Table legend: (Time is in decaauts)
 A = Elapsed time spent in this place.
 B = Non-inter-level travel time spent in this place.
 C = Inter-level travel time spent in this place.
 D = Time resting spent in this place.
 E = Time spent auto-exploring this place.
 F = Levels seen in this place.
 G = Mean time per level.
                   A        B        C        D        E       F      G
               +--------+--------+--------+--------+--------+-----+--------+
         Total |   5702 |   5542 |    160 |    807 |   3830 |   7 |  814.6 |
       Dungeon |   5533 |   5411 |    122 |    807 |   3710 |   6 |  922.2 |
        Temple |    168 |    130 |     38 |      0 |    120 |   1 |  168.0 |
               +--------+--------+--------+--------+--------+-----+--------+

Top non-repeatable levels by time:
     D:2: 1318 daAuts
     D:5: 1175 daAuts
     D:3: 1025 daAuts
     D:1: 986 daAuts
     D:4: 961 daAuts
  Temple: 168 daAuts
     D:6: 66 daAuts
